 Dungeon Crawl Stone Soup version 0.25.1-1-g288607f5aa (webtiles) character file.

Game seed: 3615077209335992999

24826 Kold the Transmogrifier (level 13, -4/81 HPs)
             Began as an Octopode Transmuter on July 25, 2020.
             Was the Champion of Cheibriados.
             Slain by a freezing wraith (12 damage)
             ... on level 2 of the Abyss.
             The game lasted 00:39:10 (17236 turns).

Kold the Transmogrifier (Octopode Transmuter)      Turns: 17236, Time: 00:39:11

Health: -4/81      AC:  5    Str: 22    XL:     13   Next: 15%
Magic:  20/20      EV: 26    Int: 35    God:    Cheibriados [******]
Gold:   1015       SH:  0    Dex: 28    Spells: 8/22 levels left

rFire    x . .     SeeInvis .   A - staff of cold
rCold    + + .     Gourm    .   (no shield)
rNeg     . . .     Faith    .   (helmet restricted)
rPois    .         Spirit   .   H - amulet of regeneration
rElec    .         Reflect  .   m - +4 ring of protection
rCorr    .         Harm     .   n - ring of wizardry
MR       .....                  B - ring of ice
Stlth    ++++......             r - +4 ring of evasion
HPRegen  0.63/turn              (no ring)
MPRegen  0.17/turn              (no ring)
                                (no ring)
                                (no ring)

@: hasted and slowed, silenced, very slow
A: almost no armour, stealthy swim, amphibious, 8 rings, constrict 8, camouflage
1, weak 1, gelatinous body 1
a: Renounce Religion


You were on level 2 of the Abyss.
You worshipped Cheibriados.
Cheibriados was exalted by your worship.
You were not hungry.

You visited 3 branches of the dungeon, and saw 16 of its levels.
You visited the Abyss 1 time.

You collected 1015 gold pieces.

Inventory:

Missiles
 a - 256 arrows
Magical Staves
 A - an uncursed staff of cold (weapon)
 F - an uncursed staff of earth
Jewellery
 m - a +4 ring of protection (left tentacle)
 n - a ring of wizardry (right tentacle)
 o - an uncursed ring of ice
 r - a +4 ring of evasion (on tentacle)
 B - a ring of ice (on tentacle)
 H - an amulet of regeneration (around mantle)
 P - an uncursed amulet of guardian spirit {unknown}
Wands
 y - a wand of clouds (5)
 C - a wand of iceblast (6)
 K - a wand of acid (10)
 L - a wand of flame (18)
Scrolls
 d - 3 scrolls of immolation {unknown}
 e - 5 scrolls of magic mapping
 f - 10 scrolls of remove curse
 g - 13 scrolls of identify
 h - 3 scrolls of enchant weapon
 l - a scroll of fear
 p - 4 scrolls of teleportation
 v - a scroll of acquirement {unknown}
 w - 2 scrolls of noise {unknown}
 x - 5 scrolls of fog
 D - a scroll of brand weapon {unknown}
 E - a scroll of enchant armour {unknown}
 I - 2 scrolls of vulnerability {unknown}
 J - a scroll of silence {unknown}
 N - 2 scrolls of blinking {unknown}
 O - a scroll of amnesia
Potions
 b - 3 potions of might
 j - 3 potions of lignification {unknown}
 k - a potion of degeneration {unknown}
 q - 2 potions of brilliance {unknown}
 u - 2 potions of haste
 z - 2 potions of resistance {unknown}
 G - a potion of cancellation {unknown}
 M - a potion of flight {unknown}
Comestibles
 c - 27 rations


   Skills:
 - Level 5.0 Fighting
 + Level 8.1 Dodging
 - Level 3.0 Stealth
 * Level 13.1 Unarmed Combat
 - Level 5.0 Spellcasting
 - Level 14.3 Transmutations
 - Level 4.0 Ice Magic
 - Level 4.0 Poison Magic
 + Level 6.6 Invocations


You had 8 spell levels left.
You knew the following spells:

 Your Spells              Type           Power        Failure   Level  Hunger
a - Blade Hands           Tmut           #######...   1%          5    #####..
b - Sticks to Snakes      Tmut           #######.     0%          2    None
c - Spider Form           Tmut/Pois      ######....   1%          3    None
d - Ice Form              Ice/Tmut       ########     1%          4    ###....

Your spell library contained the following spells:

 Spells                   Type           Power        Failure   Level  Hunger
 Beastly Appendage        Tmut           ######       0%          1    None
 Sting                    Tmut/Pois      ####         1%          1    None
 Summon Small Mammal      Summ           #...         1%          1    None
 Passwall                 Tmut/Erth      ######..     1%          2    None
 Poisonous Vapours        Pois/Air       ###...       1%          2    None
 Ignite Poison            Fire/Tmut/Pois ######..     1%          3    None
 Call Imp                 Summ           #.......     2%          2    None
 Corpse Rot               Necr/Air       N/A          2%          2    None
 Slow                     Hex            #.......     2%          2    None
 Swiftness                Chrm/Air       #.......     2%          2    None
 Mephitic Cloud           Conj/Pois/Air  ###.....     3%          3    None
 Olgreb's Toxic Radiance  Pois           #####...     3%          4    ###....
 Call Canine Familiar     Summ           #.......     4%          3    None
 Summon Guardian Golem    Hex/Summ       #.......     4%          3    None
 Summon Ice Beast         Ice/Summ       ######..     8%          4    ###....
 Summon Lightning Spire   Summ/Air       #.......     16%         4    ###....
 Bolt of Magma            Conj/Fire/Erth #.........   41%         5    #####..
 Iskenderun's Battlesphe  Conj/Chrm      #.......     41%         5    #####..
 Iron Shot                Conj/Erth      #.........   91%         6    ######.
 Orb of Destruction       Conj           #.........   100%        7    #######
 Spellforged Servitor     Conj/Summ      #.........   100%        7    #######


Dungeon Overview and Level Annotations

Branches:
Dungeon (14/15)            Temple (1/1) D:7             Orc (1/2) D:10
 Vaults (0/5) D:13
   Lair: D:8-11

Altars:
Ashenzari
Cheibriados
Dithmenos
Elyvilon
Fedhas
Gozag
Hepliaklqana
Kikubaaqudgha
Makhleb
Nemelex Xobeh
Okawaru
Qazlal
Ru
Trog
Uskayaw
Vehumet
Wu Jian
Xom
Yredelemnul
Zin
The Shining One
Lugonu

Shops:
D:11 }   Orc:1 =!}

Annotations:
D:8 1 exclusion
D:11 1 exclusion, Sonja


Innate Abilities, Weirdness & Mutations

You cannot wear most types of armour.
You are very stealthy in the water. (Stealth+)
You are amphibious.
You can wear up to eight rings at the same time.
You can use your tentacles to constrict eight enemies at once.
Your skin changes colour to match your surroundings (Stealth+).
Your rubbery body absorbs attacks. (AC +1, EV +1)
You are weak. (Str -2)


Message History

You feel better. The freezing wraith barely misses you.
The freezing wraith hits you!
* * * LOW HITPOINT WARNING * * *
A freezing wraith is nearby!
Aiming: Phantom Mirror
Press: ? - help, Dir - move target cursor, f - freezing wraith
Aim: a freezing wraith (silenced, lightly damaged)
You reflect the freezing wraith with the mirror, and the mirror shatters!
Your freezing wraith hits the freezing wraith but does no damage.
Your freezing wraith closely misses the freezing wraith.
The freezing wraith closely misses you. x2
Your freezing wraith hits the freezing wraith but does no damage.
Your freezing wraith barely misses the freezing wraith.
The freezing wraith barely misses you. x2
It was a potion of haste.
You feel yourself speed up.
Cheibriados forgives your accidental hurry, just this once.
Your freezing wraith hits the freezing wraith but does no damage.
Your freezing wraith closely misses the freezing wraith.
The freezing wraith misses you. The freezing wraith hits you!
You die...

# . .. .#
#.# #..
#####.#.#
#.@W.# #
####W..#
# #..## .
###.#
#.##..#.
#......#
. ..###
#. ## #
#. ##
.#.##.#


You could see a freezing wraith and a friendly freezing wraith (summoned,
drained).

Vanquished Creatures
  2 centaur warriors
  3 two-headed ogres
  An ogre mage (D:13)
  An unseen horror (D:11)
  Pikel (D:4)
  2 ugly things
  An orc sorcerer (Orc:1)
  A cyclops (D:13)
  2 rust devils (D:5)
  5 centaur zombies
  2 manticores
  A gargoyle (D:12)
  An emperor scorpion zombie (Abyss:2)
  3 kobold demonologists (D:10)
  3 trolls
  An ancient zyme (Abyss:2)
  A hornet (D:7)
  4 slime creatures
  3 hippogriffs
  A raiju (shapeshifter) (D:13)
  A spriggan (D:8)
  2 wyverns
  A wraith (D:13)
  13 yaks
  A shadow (D:11)
  A ynoxinul (Abyss:2)
  A human (D:9)
  A steam dragon (D:11)
  A chaos spawn (Abyss:2)
  5 vampire mosquitoes
  A warg (Orc:1)
  Duvessa (D:4)
  A water moccasin (D:10)
  2 eyes of draining
  15 orc warriors
  A black bear (D:13)
  6 sky beasts
  7 ogres
  2 ice beasts
  3 phantoms
  5 centaurs
  A crocodile (D:12)
  2 big kobolds
  An earth elemental (Abyss:2)
  3 bullfrogs
  A wyvern zombie (D:8)
  A wyvern skeleton (D:13)
  2 scorpions
  3 killer bees (D:13)
  8 wights
  2 howler monkeys
  3 bullfrog zombies
  8 crimson imps
  4 jellies
  9 orc priests
  4 bullfrog skeletons
  7 hounds
  4 centaur skeletons
  3 iguanas
  17 orc wizards
  6 worker ants
  Natasha (thrice) (D:2)
  A hound zombie (D:6)
  A hound skeleton (D:4)
  A worker ant zombie (D:7)
  12 adders
  4 gnolls (D:5)
  A howler monkey skeleton (D:7)
  3 shadow imps
  An adder skeleton (D:7)
  A worm (D:4)
  3 leopard geckos
  82 orcs
  4 bats
  5 giant cockroaches
  4 goblins
  6 hobgoblins
  17 jackals
  13 kobolds
  3 quokkas
  6 frilled lizards
  A jackal skeleton (D:9)
  A leopard gecko skeleton (D:5)
  A leopard gecko zombie (D:8)
  12 rats
385 creatures vanquished.

Vanquished Creatures (collateral kills)
  A centaur zombie (D:7)
  3 orcs
4 creatures vanquished.

Vanquished Creatures (others)
  A vampire mosquito (D:13)
  Dowan (D:4)
  A giant cockroach (D:4)
3 creatures vanquished.

Grand Total: 392 creatures vanquished

Notes
Turn   | Place    | Note
-------+----------+-------------------------------------------
     0 | D:1      | Kold the Octopode Transmuter began the quest for the Orb.
     0 | D:1      | Reached XP level 1. HP: 13/13 MP: 3/3
   103 | D:1      | Reached skill level 1 in Stealth
   217 | D:1      | Reached XP level 2. HP: 18/18 MP: 5/5
  1135 | D:2      | Found a blossoming altar of Fedhas.
  1473 | D:2      | Found a shattered altar of Ashenzari.
  1522 | D:2      | Found a bloodstained altar of Trog.
  1526 | D:2      | Reached XP level 3. HP: 23/23 MP: 4/6
  1641 | D:2      | Learned a level 2 spell: Sticks to Snakes
  1645 | D:2      | Learned a level 3 spell: Spider Form
  1732 | D:2      | Noticed Natasha
  1742 | D:2      | Killed Natasha
  1742 | D:2      | Reached XP level 4. HP: 21/28 MP: 5/7
  1747 | D:2      | Noticed Natasha
  1762 | D:2      | Killed Natasha
  1762 | D:2      | Reached skill level 3 in Transmutations
  1762 | D:2      | Reached skill level 1 in Poison Magic
  1768 | D:2      | Noticed Natasha
  1775 | D:2      | Killed Natasha
  2191 | D:3      | Reached XP level 5. HP: 33/33 MP: 6/8
  2431 | D:3      | HP: 1/33 [orc/boomerang (1)]
  2697 | D:3      | Noticed a phantom
  2738 | D:3      | Killed a phantom
  2738 | D:3      | Reached skill level 4 in Transmutations
  2738 | D:3      | Reached XP level 6. HP: 18/38 MP: 4/9
  3532 | D:4      | Noticed Pikel
  3532 | D:4      | Noticed a slave
  3532 | D:4      | Noticed a slave
  3532 | D:4      | Noticed a slave
  3561 | D:4      | Found a hide-covered altar of Uskayaw.
  3561 | D:4      | Noticed Duvessa
  3596 | D:4      | Noticed a slave
  3597 | D:4      | Noticed Dowan
  3995 | D:4      | Found a burning altar of Makhleb.
  4534 | D:4      | Reached skill level 5 in Unarmed Combat
  4534 | D:4      | Reached XP level 7. HP: 43/43 MP: 8/10
  4568 | D:4      | Learned a level 4 spell: Ice Form
  4859 | D:4      | Killed Pikel
  4859 | D:4      | Reached skill level 5 in Transmutations
  4859 | D:4      | Reached XP level 8. HP: 41/48 MP: 5/11
  4960 | D:5      | Entered Level 5 of the Dungeon
  5236 | D:4      | Killed Dowan
  5339 | D:5      | Reached skill level 6 in Transmutations
  5650 | D:4      | HP: 1/48 [Duvessa/+0 short sword (18)]
  5656 | D:4      | Killed Duvessa
  5666 | D:4      | Reached skill level 7 in Transmutations
  6124 | D:5      | Reached XP level 9. HP: 44/53 MP: 12/12
  6287 | D:5      | Found a sacrificial altar of Ru.
  6766 | D:5      | Noticed a rust devil
  6766 | D:5      | Noticed a rust devil
  6810 | D:6      | Reached skill level 8 in Transmutations
  7137 | D:5      | Found a hazy altar of Hepliaklqana.
  7657 | D:7      | Reached skill level 9 in Transmutations
  8042 | D:7      | Found a staircase to the Ecumenical Temple.
  8042 | D:7      | Noticed a hornet
  8052 | Temple   | Entered the Ecumenical Temple
  8311 | Temple   | Became a worshipper of Cheibriados the Contemplative
  8334 | D:7      | Killed a hornet
  8988 | D:7      | Found a glowing golden altar of the Shining One.
  9000 | D:7      | Reached * piety under Cheibriados
  9079 | D:8      | Reached skill level 10 in Transmutations
  9079 | D:8      | Reached XP level 10. HP: 61/61 MP: 10/14
  9173 | D:8      | Noticed a fire dragon
  9240 | D:8      | Reached ** piety under Cheibriados
 10426 | D:9      | Noticed a two-headed ogre
 10440 | D:9      | Killed a two-headed ogre
 10440 | D:9      | Reached skill level 11 in Transmutations
 10485 | D:9      | Found an iron altar of Okawaru.
 10960 | D:9      | Found a runed translucent door.
 10965 | D:9      | Found a basalt altar of Yredelemnul.
 11235 | D:9      | Learned a level 5 spell: Blade Hands
 11248 | D:10     | Entered Level 10 of the Dungeon
 11260 | D:10     | Reached *** piety under Cheibriados
 11298 | D:10     | Noticed a kobold demonologist
 11301 | D:10     | Found a corrupted altar of Lugonu.
 11301 | D:10     | Noticed a kobold demonologist
 11505 | D:9      | Reached skill level 10 in Unarmed Combat
 11505 | D:9      | Reached XP level 11. HP: 57/69 MP: 12/17
 11662 | D:10     | Reached skill level 12 in Transmutations
 11820 | D:10     | Noticed a soul eater
 11831 | D:10     | Reached skill level 5 in Dodging
 11855 | D:10     | Reached **** piety under Cheibriados
 12347 | D:10     | Found a staircase to the Orcish Mines.
 12417 | D:11     | Found Mutech's Gadget Boutique.
 12514 | D:11     | Noticed a manticore
 12529 | D:11     | Killed a manticore
 12529 | D:11     | Reached skill level 1 in Invocations
 12840 | D:11     | Reached skill level 5 in Fighting
 12868 | D:11     | Killed an unseen horror
 12868 | D:11     | Reached skill level 5 in Spellcasting
 13133 | D:11     | Noticed a centaur warrior
 13135 | D:11     | Reached ***** piety under Cheibriados
 13145 | D:11     | Noticed a red ugly thing
 13154 | D:11     | Killed a red ugly thing
 13348 | D:11     | Reached skill level 13 in Transmutations
 13369 | D:11     | Killed a centaur warrior
 13629 | D:11     | Noticed Sonja
 13742 | D:11     | Identified Easy Witchery
 13843 | D:5      | Reached XP level 12. HP: 56/77 MP: 15/19
 14602 | D:12     | Reached skill level 14 in Transmutations
 14911 | D:12     | Got a buzzing mace
 14912 | D:12     | Identified the +4 mace "Amnuarun" {vorpal, *Contam rC++
                  | Dex+4} (You found it on level 12 of the Dungeon)
 14947 | D:12     | Gained mutation: You are weak. (Str -2) [mutagenic glow]
 15360 | D:13     | Found Jipybyk's Antique Armour Shop.
 15386 | D:13     | Noticed a two-headed ogre
 15389 | D:13     | Noticed a two-headed ogre
 15390 | D:13     | Found a gate to the Vaults.
 15391 | D:13     | Noticed an ogre mage
 15398 | D:13     | Killed a two-headed ogre
 15412 | D:14     | Noticed a two-headed ogre
 15513 | D:13     | Killed an ogre mage
 15620 | D:13     | Reached skill level 5 in Invocations
 15822 | D:13     | Killed a two-headed ogre
 16079 | D:13     | Noticed a centaur warrior
 16093 | D:13     | Killed a centaur warrior
 16200 | D:13     | Reached ****** piety under Cheibriados
 16376 | D:13     | Reached XP level 13. HP: 81/81 MP: 15/20
 16652 | Orc:1    | Entered Level 1 of the Orcish Mines
 16662 | Orc:1    | Paralysed by an orc sorcerer for 2 turns
 16664 | Orc:1    | Found Oxil's Gadget Boutique.
 16735 | Orc:1    | Found Vyfus's Jewellery Boutique.
 16759 | Orc:1    | Found Omeyvies's Distillery.
 16837 | Orc:1    | Noticed an orc warlord
 17097 | D:11     | Cast into level 2 of the Abyss (Sonja)
 17189 | Abyss:2  | Noticed a tentacled starspawn
 17233 | Abyss:2  | HP: 4/81 [freezing wraith (4)]
 17236 | Abyss:2  | Slain by a freezing wraith

Illustrated notes

Levels and vault maps discovered:
D:1:      onia_arrival_mini_maze, layout_basic, minmay_tripent
D:2:      layout_basic, lemuel_doored_altar, bloody_trog,
          ashenzari_conservatory_becter, first_ration, minmay_hexomino_u4,
          uniq_natasha
D:3:      layout_loops_ring, kennysheep_generic_room_5
D:4:      layout_loops_corners, makhleb_grotto_becter,
          eat_drink_and_be_merry_uskayaw, minmay_bisected, uniq_duvessa,
          uniq_pikel
D:5:      cheibrodos_iron_armory, layout_rooms, lemuel_coloured_pillars_altar,
          hangedman_ru_absence, minmay_manual_mail
D:6:      layout_gridville
D:7:      layout_rooms, minmay_temple_entry_wispy,
          nicolae_tso_swordbearing_angel
D:8:      layout_loops_cross, minmay_lair_entry_lava, special_room
          [special_room_orc], the_bakery
D:9:      layout_loops_ring, lemuel_crystal_altar,
          hangedman_abyss_or_decor_lesser_grid, nicolae_sextant,
          dk_yredelemnul_ordeal
D:10:     kennysheep_kobold_lugonu_temple, layout_rooms, david_orc_4
D:11:     minmay_clustersquares, layout_rooms, serial_shops, nicolae_shop_trees,
          uniq_sonja
D:12:     layout_basic
D:13:     layout_long_grid, david_vaults_2, serial_shops,
          nicolae_shop_waterfront
D:14:     layout_big_octagon, ebering_ghost_xom, hangedman_decor_slide_cut
Temple:   eino_narrow_crystal_temple
Orc:1:    cheibrodos_orc_arena, layout_caves, serial_shops, shop_statue, shop,
          shop_statue, shop, nicolae_shop_crystal
Abyss:2:  base: D:5, base: D:1, evilmike_abyss_exit_kraken

Skill      XL: |  1  2  3  4  5  6  7  8  9 10 11 12 13 |
---------------+----------------------------------------+-----
Stealth        | 1 2 3 |  3.0
Transmutations | 3 4 5 7 10 11 13 14 | 14.3
Poison Magic   | 1 3 4 |  4.0
Unarmed Combat | 4 5 6 7 8 10 11 12 13 | 13.1
Ice Magic      | 2 3 4 |  4.0
Fighting       | 2 4 5 |  5.0
Dodging        | 3 4 6 7 8 |  8.1
Spellcasting   | 3 4 5 |  5.0
Invocations    | 3 6 |  6.6

Action                   |  1- 3 |  4- 6 |  7- 9 | 10-12 | 13-15 || total
-------------------------+-------+-------+-------+-------+-------++-------
Melee: Unarmed           |    74 |   164 |   321 |   536 |    64 ||  1159
       Constrict         |    18 |    34 |    30 |    24 |     9 ||   115
       Kick              |     5 |    27 |    33 |    25 |       ||    90
       Punch             |     2 |     5 |     7 |    19 |     9 ||    42
       Tentacles         |     9 |    21 |    33 |    49 |    22 ||   134
       Staff             |       |       |       |     6 |    20 ||    26
 Cast: Beastly Appendage |    12 |    18 |    23 |    16 |       ||    69
       Sticks to Snakes  |       |    10 |    12 |     4 |       ||    26
       Spider Form       |       |     1 |    16 |    10 |       ||    27
       Ice Form          |       |       |     4 |    21 |     1 ||    26
       Blade Hands       |       |       |       |    11 |     5 ||    16
Evoke: Phantom mirror    |       |       |       |       |     1 ||     1
  Use: Scroll            |       |     9 |       |     5 |     2 ||    16
       Potion            |       |     2 |     2 |     2 |     3 ||     9
 Stab: Sleeping          |     7 |    10 |     5 |    12 |       ||    34
       Distracted        |       |     2 |       |     1 |     1 ||     4
  Eat: Chunk             |     3 |    10 |    14 |    13 |     4 ||    44
       Ration            |       |       |     1 |     1 |       ||     2
Armor: Skin              |    17 |    22 |    60 |    97 |    15 ||   211
Dodge: Dodged            |    58 |   118 |   254 |   496 |    87 ||  1013
